 Dungeon Crawl Stone Soup version 0.21-a0-450-gd87a9b2 (webtiles) character file.

30 slep the Skirmisher (level 3, -2/29 HPs)
             Began as a Demonspawn Monk on Nov 19, 2017.
             Slain by a kobold
             ... wielding a +0 short sword
              (5 damage)
             ... on level 2 of the Dungeon.
             The game lasted 00:04:17 (575 turns).

slep the Skirmisher (Demonspawn Monk)                Turns: 575, Time: 00:04:18

Health: -2/29      AC:  1    Str: 11    XL:     3   Next: 3%
Magic:  3/3        EV: 13    Int: 11    God:
Gold:   49         SH:  0    Dex: 16    Spells: 2/2 levels left

rFire    . . .     SeeInvis .   l - +0 mace (curse)
rCold    . . .     Gourm    .   (no shield)
rNeg     . . .     Faith    .   (no armour)
rPois    .         Spirit   .   (no helmet)
rElec    .         Reflect  .   (no cloak)
rCorr    .         Harm     .   (no gloves)
MR       .....                  n - +0 pair of boots
Stlth    +.........             (no amulet)
HPRegen  0.09/turn              p - ring of loudness (curse)
MPRegen  0.08/turn              (no ring)

@: no status effects
A: claws 1
a: no special abilities


You were on level 2 of the Dungeon.
You were not hungry.

You visited 1 branch of the dungeon, and saw 2 of its levels.

You collected 49 gold pieces.

Inventory:

Hand Weapons
 a - a +0 falchion
 j - a +1 dagger of venom
 l - a cursed +0 mace (weapon)
Missiles
 f - 14 poisoned needles
Armour
 b - a +0 robe
 n - a +0 pair of boots (worn)
 q - a +0 leather armour
Jewellery
 p - a cursed ring of loudness (left claw)
Scrolls
 d - a scroll of identify {unknown}
 e - 2 scrolls of amnesia {unknown}
 h - 2 scrolls of fog {unknown}
 i - a scroll of recharging {unknown}
 k - 2 scrolls of magic mapping {unknown}
 m - a scroll of random uselessness {unknown}
 o - a scroll of fear {unknown}
Potions
 g - 2 potions of degeneration {unknown}
Comestibles
 c - a bread ration


   Skills:
 + Level 3.3 Fighting
 + Level 3.2 Long Blades
 + Level 3.0 Dodging
 + Level 1.9 Stealth


You had 2 spell levels left.
You didn't know any spells.

Dungeon Overview and Level Annotations

Branches:
Dungeon (2/15)

Altars:


Innate Abilities, Weirdness & Mutations

You have sharp fingernails.


Message History

You see here a stone.
The kobold hits you with a short sword.
You see here a scroll labeled GURAIT SECLIT.
The kobold barely misses you.
You closely miss the kobold. The kobold hits you but does no damage.
You barely miss the kobold. The kobold barely misses you.
The kobold misses you.
You closely miss the kobold. The kobold hits you with a short sword.
* * * LOW HITPOINT WARNING * * *
You barely miss the kobold. The kobold barely misses you.
You barely miss the kobold. The kobold hits you with a short sword.
* * * LOW HITPOINT WARNING * * *
The kobold barely misses you.
You barely miss the kobold. The kobold hits you but does no damage.
You hit the kobold.
The kobold is heavily wounded.
The kobold hits you with a short sword.
* * * LOW HITPOINT WARNING * * *
The kobold hits you with a short sword.
You die...

♣.....♣.♣♣♣.#
♣.##........#
♣....#..(...#
♣....#......###
#..#........#
#..(..♣♣♣♣#..#
#..<.♣♣ .#
.♣♣.♣♣##?...♣ #
.......@K...♣
.....##.....♣
### ##....♣
#.....♣ #..?..#
#.......
########


You could see a kobold.

Vanquished Creatures
  A dart slug (D:1)
  3 bats (D:1)
  A giant cockroach (D:1)
  4 goblins (D:1)
  3 hobgoblins
  6 jackals (D:1)
  2 frilled lizards (D:1)
  A kobold (D:1)
  2 rats (D:1)
23 creatures vanquished.

Notes
Turn   | Place    | Note
-------+----------+-------------------------------------------
     0 | D:1      | slep the Demonspawn Monk began the quest for the Orb.
     0 | D:1      | Reached XP level 1. HP: 18/18 MP: 1/1
   108 | D:1      | Gained mutation: You have sharp fingernails. [demonic ancestry]
   108 | D:1      | Reached XP level 2. HP: 23/24 MP: 2/2
   363 | D:1      | Reached XP level 3. HP: 15/29 MP: 3/3
   575 | D:2      | Slain by a kobold

Vault maps used:
D:1:      nicolae_arrival_washed_ashore
D:2:      lemuel_coloured_pillars_altar, lemuel_doored_altar, serial_forest,
          infiniplex_forest_straight_5, infiniplex_forest_end_double,
          infiniplex_forest_side_room, infiniplex_forest_clump_small,
          infiniplex_forest_straight_3, infiniplex_forest_corner_1,
          hangedman_decor_growths, uniq_sigmund, uniq_terence

Skill      XL: |  1  2 |
---------------+-------+-----
Long Blades    | 3 |  3.2
Dodging        | 3 |  3.0
Fighting       | |  3.3
Stealth        | |  1.9

Action                   || total
-------------------------++-------
Melee: Falchion          ||    25
       Mace              ||    38
 Stab: Sleeping          ||     2
Armor: Robe              ||     8
       Skin              ||     2
Dodge: Dodged            ||    47
       Rpst.: Falchion   ||    10

Table legend:
 A = Spawn XP
 B = Non-spawn XP
 C = Spawn XP percentage of total XP
 D = Spawn monster count
 E = Non-spawn monster count
 F = Spawn count percentage of total count
 G = Total turns spent on level
                    A         B        C        D         E        F      G
               +---------+---------+-------+---------+---------+-------+---------
         Total |       0 |      43 |   0.0 |       0 |      23 |   0.0 |   575
               +---------+---------+-------+---------+---------+-------+---------
           D:1 |       0 |      41 |   0.0 |       0 |      22 |   0.0 |   539
           D:2 |       0 |       2 |   0.0 |       0 |       1 |   0.0 |    36
               +---------+---------+-------+---------+---------+-------+---------
